AoeStats
← che_wacca

Oasis

508851296Analyzed
4v4 RM · 8d ago on Sep 24, 2026· 44m 9s· 8 players
Game mode
Random Map
Map size
Large (8 player)
Population
200
Speed
Normal
Resources
Standard
Victory
Conquest
Starting age
Dark Age
Ending age
Imperial Age
RankedLock teamsTeams togetherTeam positionsShared explorationLock speedFull tech treeHidden civsTurbo modeCheats
Victory
Defeat
🇪🇸 Georgians · Spain
1231
+13
🇨🇳 Slavs · China
1207
+14
🇧🇷 Malay · Brazil
1151
+17
🇪🇸 Japanese · Spain
1073
+20
1190
-17
1181
-17
1174
-16
🇨🇳 Chinese · China
1120
-23
Garden guard 暗精灵
10:27 Feudal Age
11:56 Loom
12:45 Horse Collar
15:23 Castle Age
13:42 Horse Collar
15:05 Double-Bit Axe
18:51 Scale Mail Armor
19:38 Forging
19:53 Pikeman
21:45 Squires
22:37 Heavy Plow
24:41 Chain Mail Armor
30:37 Iron Casting
31:54 Bow Saw
手抓饼No生菜
1:31 Loom
13:13 Feudal Age
25:08 Wheelbarrow
Delicately operated 地毯哥
5:51 Loom
11:26 Feudal Age
13:14 Man-at-Arms
14:37 Horse Collar
25:44 Castle Age
25:25 Double-Bit Axe
26:46 Bow Saw
27:30 Fletching
27:48 Scale Mail Armor
31:33 Pikeman
32:49 Chain Mail Armor
33:44 Forging
34:27 Stone Mining
37:11 Gold Mining
45:02 Imperial Age
43:08 Wheelbarrow
Absolutely defensive Tony老师
10:38 Feudal Age
11:44 Double-Bit Axe
12:04 Domestication
16:18 Castle Age
16:17 Town Watch
17:15 Forging
16:56 Loom
16:35 Light Cavalry
19:51 Husbandry
21:25 Wheelbarrow
21:53 Pastoralism
22:38 Gold Mining
25:11 Scale Barding Armor
25:43 Iron Casting
26:24 Hand Cart
27:40 Scale Barding Armor
30:31 Bow Saw
32:08 Chain Barding Armor
36:19 Imperial Age
34:30 Town Patrol
36:26 Elite Steppe Lancer
37:44 Plate Barding Armor
38:55 Conscription
Mampi Yao
7:26 Loom
9:49 Feudal Age
11:00 Double-Bit Axe
11:29 Horse Collar
21:42 Castle Age
20:13 Gold Mining
22:06 Bloodlines
22:04 Scale Barding Armor
23:44 Light Cavalry
27:12 Wheelbarrow
29:36 Bow Saw
29:19 Stone Mining
31:16 Hand Cart
30:46 Town Watch
34:38 Chain Barding Armor
34:50 Husbandry
38:09 Imperial Age
37:52 Redemption
38:18 Cavalier
39:34 Plate Barding Armor
41:29 Conscription
43:37 Forging
FerDiehl
11:10 Feudal Age
11:44 Wheelbarrow
14:35 Castle Age
13:22 Double-Bit Axe
13:25 Horse Collar
17:05 Husbandry
18:13 Bow Saw
20:08 Scale Barding Armor
21:52 Gold Mining
23:08 Loom
24:27 Forging
30:29 Heavy Plow
32:23 Devotion
32:57 Sanctity
35:07 Hand Cart
34:38 Town Watch
35:58 Gold Shaft Mining
35:14 Stone Mining
che_wacca
7:23 Loom
9:44 Feudal Age
10:15 Man-at-Arms
11:36 Double-Bit Axe
13:46 Horse Collar
20:41 Wheelbarrow
22:42 Castle Age
21:22 Wheelbarrow
24:52 Pikeman
29:44 Bow Saw
30:30 Scale Mail Armor
34:20 Gold Mining
34:21 Stone Mining
38:57 Chain Mail Armor
38:53 Forging
44:23 Imperial Age
42:48 Iron Casting
伐伐伐伐伐木工
2:17 Loom
11:46 Feudal Age
12:25 Man-at-Arms
21:36 Castle Age
19:46 Horse Collar
19:58 Double-Bit Axe
20:31 Gold Mining
21:08 Stone Mining
22:59 Wheelbarrow
23:52 Bow Saw
24:21 Gold Shaft Mining
23:33 Town Watch
23:37 Long Swordsman
24:18 Squires
25:55 Hand Cart
27:03 Scale Mail Armor
28:41 Forging
29:24 Detinets
31:34 Iron Casting
31:15 Chain Mail Armor
39:00 Imperial Age
36:35 Town Patrol
37:31 Redemption
38:54 Pikeman
40:36 Plate Mail Armor
41:08 Blast Furnace
41:10 Two-Man Saw
40:14 Heavy Plow
41:15 Conscription
40:56 Druzhina
41:07 Druzhina
41:52 Crop Rotation
41:12 Halberdier
41:38 Capped Ram
43:41 Siege Ram
Connection lost

Rejoining the realm…

Still unreachable

The connection could not be restored.

Session expired

The server has moved on; the page needs a fresh start.